 Dungeon Crawl Stone Soup version 0.30-a0-358-g0d69a1922f (webtiles) character file.

Game seed: 10344016422160519624

53 koil the Chopper (level 3, -4/30 HPs)
             Began as a Hill Orc Reaver on Nov 8, 2022.
             Was an Initiate of Qazlal.
             Slain by an orc priest
             ... wielding a +0 falchion
              (6 damage)
             ... on level 3 of the Dungeon.
             The game lasted 00:04:58 (1626 turns).

koil the Chopper (Hill Orc Reaver)                  Turns: 1626, Time: 00:04:59

Health: -4/30      AC:  8    Str: 16    XL:     3   Next: 87%
Magic:  5/5        EV:  9    Int: 13    God:    Qazlal [......]
Gold:   69         SH:  0    Dex:  9    Spells: 1/5 levels left

rFire   . . .      SeeInvis .    a - +0 hand axe
rCold   . . .      Faith    .    (no shield)
rNeg    . . .      Spirit   .    o - +1 scale mail {rPois}
rPois   +          Reflect  .    (no helmet)
rElec   .          Harm     .    g - +0 cloak
rCorr   .          Rampage  .    (no gloves)
Will    .....                    (no boots)
Stlth   ..........               (no amulet)
HPRegen 0.25/turn                (no ring)
MPRegen 0.09/turn                (no ring)

@: no status effects
A: no striking features
a: Renounce Religion, Convert to Beogh


You were on level 3 of the Dungeon.
You worshipped Qazlal.
Qazlal was noncommittal.
You visited 1 branch of the dungeon, and saw 3 of its levels.

You collected 99 gold pieces.
You spent 30 gold pieces at shops.

Inventory:

Hand Weapons
 a - a +0 hand axe (weapon)
 f - a +0 vampiric dagger
 l - a +0 dagger of venom
Missiles
 h - 8 poisoned darts
Armour
 b - a +0 leather armour
 e - a +0 ring mail
 g - a +0 cloak (worn)
 j - a +0 chain mail
 o - a +1 scale mail of poison resistance (worn)
Scrolls
 c - 6 scrolls of teleportation {unknown}
 i - 4 scrolls of identify {unknown}
 m - a scroll of fog {unknown}
Potions
 d - a potion of brilliance {unknown}
 k - 3 potions of curing
 n - a potion of heal wounds {unknown}


   Skills:
 + Level 2.9 Fighting
 + Level 4.4 Axes
 + Level 1.3 Armour
 + Level 2.0 Dodging
 + Level 1.9 Spellcasting
 + Level 3.2 Conjurations
 + Level 0.1 Hexes


You had one spell level left.
You knew the following spells:

 Your Spells              Type           Power      Damage    Failure   Level
a - Kiss of Death         Conj/Necr      20%        2d7       43%         1
b - Confusing Touch       Hex            1%         N/A       95%         3

Your spell library contained the following spells:

 Spells                   Type           Power      Damage    Failure   Level
 Momentum Strike          Conj/Tloc      10%        3d8       58%         2
 Cigotuvi's Dreadful Rot  Necr/Pois/Air  2%         N/A       82%         2
 Poisonous Vapours        Pois/Air       2%         N/A       82%         2
 Hailstorm                Conj/Ice       5%         3d4       82%         3
 Mephitic Cloud           Conj/Pois/Air  4%         N/A       88%         3
 Ignite Poison            Fire/Tmut/Pois 1%         N/A       96%         3
 Kindle Blastsparks       Fire/Tloc/Air  2%         2d10      96%         3
 Dispel Undead            Necr           1%         3d6       100%        4
 Freezing Cloud           Conj/Ice/Air   2%         6-21      100%        5


Dungeon Overview and Level Annotations

Branches:
Dungeon (3/15)

Altars:
Qazlal
Ru

Shops:
D:2 !


Message History

You barely miss the orc priest.
The orc priest threatens, "By the altar or by the axe, you will meet Beogh!"
The orc priest is moderately wounded.
An orc comes into view. It is wielding a +0 hand axe.
You slash the orc!
You kill the orc!
Qazlal accepts your kill.
You hit the orc priest.
The orc priest shouts, "Beogh is our master!
Accept the truth or die!"
The orc priest hits you with a +0 falchion.
You hit the orc priest but do no damage.
The orc priest is heavily wounded.
The orc priest hits you with a +0 falchion.
The orc priest shouts, "Beogh is our master!
Accept the truth or die!"
You hit the orc priest.
The orc priest shouts, "Join the one true god or die!"
The orc priest is almost dead.
You hit the orc wizard but do no damage.
The orc priest mumbles some strange prayers to Beogh against you.
Beogh smites you!
* * * LOW HITPOINT WARNING * * *
The orc wizard hits you but does no damage.
You closely miss the orc priest.
The orc priest is almost dead.
You hit the orc wizard but do no damage.
The orc wizard gestures at you while chanting.
The magic dart hits you.
* * * LOW HITPOINT WARNING * * *
The orc priest hits you but does no damage.
You barely miss the orc priest.
The orc priest is almost dead.
You hit the orc wizard but do no damage.
The orc priest hits you with a +0 falchion.
* * * LOW HITPOINT WARNING * * *
The orc wizard closely misses you.
The orc wizard casts a spell.
The orc wizard flickers and vanishes!
Deactivating autopickup; reactivate with Ctrl-A.
The orc priest hits you with a +0 falchion.
You die...

..#. .. ##.... ...
.#.#.#####.# #####
..#.......
..<.....#o#...#
......#.#o#._.#
#......#{#$..#.#
#####.#o@)....#
#.....#.#####.#
#..##....[.....
#...###...####.
♣♣♣♣'♣♣♣♣..# +.......+.##
♣.#...#.♣## ## ###
♣.#._.#†♣ .#....
♣.#...#.♣###########.#..#


You could see an orc priest and 2 orcs.

Vanquished Creatures
  An orc (D:3)
  3 ball pythons
  4 endoplasms (D:1)
  5 giant cockroaches
  6 goblins
  5 hobgoblins
  2 quokkas
  4 bats
  A frilled lizard (D:1)
  10 kobolds
  4 rats
45 creatures vanquished.

Notes
Turn   | Place    | Note
-------+----------+-------------------------------------------
     0 | D:1      | koil the Hill Orc Reaver began the quest for the Orb.
     0 | D:1      | Reached XP level 1. HP: 18/18 MP: 3/3
    70 | D:1      | Reached XP level 2. HP: 22/25 MP: 4/4
   453 | D:1      | Reached XP level 3. HP: 27/30 MP: 5/5
   655 | D:1      | Reached skill level 1 in Armour
   891 | D:2      | HP: 6/30 [poisoned by a goblin]
  1163 | D:2      | Found Cetzanle's Distillery.
  1184 | D:2      | Bought a potion of curing for 30 gold pieces
  1236 | D:2      | Found a faded altar of an unknown god.
  1256 | D:2      | Learned a level 3 spell: Confusing Touch
  1586 | D:3      | Found a stormy altar of Qazlal.
  1594 | D:3      | Became a worshipper of Qazlal Stormbringer
  1608 | D:3      | Found a sacrificial altar of Ru.
  1625 | D:3      | HP: 6/30 [orc wizard/magic dart (3)]
  1626 | D:3      | HP: 2/30 [orc priest/+0 falchion (4)]
  1626 | D:3      | Slain by an orc priest

Illustrated notes

Levels and vault maps discovered:
D:1:      roderic_octagonal_star, layout_loops_ring, dk_noncrumbling_4,
          nicolae_figureground_pulse
D:2:      layout_rooms, serial_shops, shop_statue,
          hellmonk_ecumenical_altar_blasted
D:3:      layout_basic, grunt_gozag_breadcrumbs,
          mainiacjoe_overflow_six_doors_small,
          mainiacjoe_overflow_cross_hatched, chequers_temple_overflow_minitemple

Skill      XL: |  1  2  3 |
---------------+----------+-----
Armour         | 1 |  1.3
Dodging        | 2 |  2.0
Fighting       | |  2.9
Axes           | |  4.4
Spellcasting   | |  1.9
Conjurations   | |  3.2
Hexes          | |  0.1

Action                   || total
-------------------------++-------
Melee: Hand axe          ||   147
       Punch             ||     3
Armor: Leather armour    ||    19
       Ring mail         ||    30
       Scale mail        ||     5
Dodge: Dodged            ||    98

Table legend: (Time is in decaauts)
 A = Elapsed time spent in this place.
 B = Non-inter-level travel time spent in this place.
 C = Inter-level travel time spent in this place.
 D = Time resting spent in this place.
 E = Time spent auto-exploring this place.
 F = Levels seen in this place.
 G = Mean time per level.
                   A        B        C        D        E       F      G
               +--------+--------+--------+--------+--------+-----+--------+
         Total |   1638 |   1607 |     31 |    206 |   1050 |   3 |  546.0 |
       Dungeon |   1638 |   1607 |     31 |    206 |   1050 |   3 |  546.0 |
               +--------+--------+--------+--------+--------+-----+--------+

Top non-repeatable levels by time:
     D:1: 862 daAuts
     D:2: 667 daAuts
     D:3: 107 daAuts
